 Dungeon Crawl Stone Soup version 0.18.1-8-gdd0e5ea (webtiles) character file.

30 deorigin the Slasher (level 3, -1/27 HPs)
             Began as a Demonspawn Gladiator on May 29, 2016.
             Slain by a gnoll
             ... wielding a +0 spear
              (3 damage)
             ... on level 2 of the Dungeon.
             The game lasted 00:01:32 (990 turns).

deorigin the Slasher (Demonspawn Gladiator)          Turns: 990, Time: 00:01:33

Health: -1/27      AC: 12    Str: 15    XL:     3   Next: 5%
Magic:  3/3        EV:  7    Int:  9    God:
Gold:   60         SH:  0    Dex: 14    Spells: 0 memorised, 2 levels left

rFire  . . .     SeeInvis .     a - +0 long sword
rCold  . . .     Gourm    .     e - +0 chain mail
rNeg   . . .     Faith    .     (no shield)
rPois  .         Spirit   .     (helmet restricted)
rElec  .         Dismiss  .     h - +1 cloak
rCorr  .         Reflect  .     (no gloves)
SustAt .         Harm     .     j - +1 pair of boots
MR     .....                    (no amulet)
Stlth  ..........               (no ring)
                                (no ring)

@: not resistant to hostile enchantments, extremely unstealthy
A: antennae 1, nightstalker 1
a: no special abilities


You were on level 2 of the Dungeon.
You were not hungry.

You visited 1 branch of the dungeon, and saw 2 of its levels.

You collected 60 gold pieces.

Inventory:

Hand Weapons
 a - a +0 long sword (weapon)
Missiles
 d - 2 throwing nets (quivered)
Armour
 b - a +0 leather armour
 c - a +0 helmet
 e - a +0 chain mail (worn)
 h - a +1 cloak (worn)
 j - a +1 pair of boots (worn)
Jewellery
 p - a cursed ring of loudness {unknown}
 q - an uncursed ring of protection from fire {unknown}
Scrolls
 g - a scroll of amnesia {unknown}
 l - a scroll of identify {unknown}
 o - a scroll of immolation {unknown}
Potions
 i - a potion of flight {unknown}
 k - a potion of might {unknown}
 n - a potion of brilliance {unknown}
Comestibles
 f - 2 bread rations
 m - 3 fruits


   Skills:
 - Level 2.0 Fighting
 + Level 3.3 Long Blades
 - Level 1.7 Throwing
 * Level 1.4 Armour
 - Level 2.6 Dodging


You had 2 spell levels left.
You didn't know any spells.

Dungeon Overview and Level Annotations

Branches:
Dungeon (2/15)

Altars:


Innate Abilities, Weirdness & Mutations

You have a pair of small antennae on your head.
You are slightly more attuned to the shadows.


Message History

Throwing (i - inventory):
d - 3 throwing nets (quivered)
Press: ? - help, Shift-Dir - straight line, f - gnoll
Aim: a gnoll, wielding a flail of protection You throw a throwing net.
The throwing net hits the gnoll.
The gnoll is caught in the net!
The gnoll hits you but does no damage.
You hit the gnoll but do no damage.
The gnoll struggles against the net.
The gnoll hits you but does no damage.
The gnoll struggles against the net.
You hit the gnoll.
The gnoll is lightly wounded.
The gnoll barely misses you.
The gnoll struggles against the net.
The helpless gnoll fails to defend itself.
You slash the gnoll!
The gnoll is severely wounded.
The gnoll hits you but does no damage.
The gnoll struggles against the net.
The gnoll hits you but does no damage.
You hit the gnoll but do no damage.
The gnoll is severely wounded.
The gnoll struggles to escape the net.
The gnoll hits you from afar with a spear.
You die...

...#.#.......#.##.# #.#
##...#...... #.##.####.####
#..g.......# #.##..........
#$#..#.#######.#######.###.
#...>g.................# #.
#..#.#.#######.######### #.
#..#.#.# #.# ##### #[
#.#.#######.# #.... #.
#.#..gg@....# #.### .
#.########### #.... #.
#####


You could see 2 gnolls.

Vanquished Creatures
  4 dart slugs (D:1)
  A giant gecko (D:1)
  A giant cockroach (D:1)
  A goblin (D:2)
  2 hobgoblins (D:1)
  4 jackals (D:1)
  2 kobolds (D:1)
  2 bats (D:1)
  2 giant newts
  2 rats
21 creatures vanquished.

Notes
Turn   | Place    | Note
--------------------------------------------------------------
     0 | D:1      | deorigin the Demonspawn Gladiator began the quest for the Orb.
     0 | D:1      | Reached XP level 1. HP: 16/16 MP: 1/1
   148 | D:1      | Reached skill level 3 in Long Blades
   162 | D:1      | Gained mutation: You are slightly more attuned to the shadows. [demonic ancestry]
   162 | D:1      | Reached XP level 2. HP: 22/22 MP: 2/2
   182 | D:1      | Reached skill level 1 in Armour
   908 | D:2      | Gained mutation: You have a pair of small antennae on your head. [demonic ancestry]
   908 | D:2      | Reached XP level 3. HP: 27/27 MP: 3/3
   990 | D:2      | Slain by a gnoll

Skill      XL: |  1  2 |
---------------+-------+-----
Long Blades    | 3 |  3.3
Armour         | 1 |  1.4
Fighting       | |  2.0
Throwing       | |  1.7
Dodging        | |  2.6

Action                   || total
-------------------------++-------
Melee: Long sword        ||    90
Throw: Throwing net      ||     1
 Stab: Held in net/web   ||     1
Armor: Chain mail        ||    75
Dodge: Dodged            ||    44
